 Dungeon Crawl Stone Soup version 0.28.0-45-g0d030f2227 (webtiles) character file.

Game seed: 3392372750517028566

68 101zpm the Magician (level 4, -1/31 HPs)
             Began as a Djinni Ice Elementalist on Apr 10, 2022.
             Slain by a necrophage (2 damage)
             ... on level 4 of the Dungeon.
             The game lasted 00:08:04 (3303 turns).

101zpm the Magician (Djinni Ice Elementalist)       Turns: 3303, Time: 00:08:06

Health: -1/31      AC:  2    Str:  7    XL:     4   Next: 41%
Gold:   18         EV: 12    Int: 19    God:
                   SH:  0    Dex: 13

rFire   + + .      SeeInvis .   (no weapon)
rCold   x . .      Faith    .   (no shield)
rNeg    . . .      Spirit   .   a - +0 robe
rPois   ∞          Reflect  .   (no helmet)
rElec   .          Harm     .   (no cloak)
rCorr   .          Rampage  .   (no gloves)
Will    .....                   (boots unavailable)
Stlth   ++........              (no amulet)
HPRegen 0.10/turn               o - ring of wizardry
MPRegen 0.00/turn               (no ring)

@: flying
A: sickness immunity, fire resistance 2, cold vulnerability 1, float, innate
caster, HP casting, extra vitality 1
a: no special abilities


You were on level 4 of the Dungeon.
You visited 1 branch of the dungeon, and saw 4 of its levels.

You collected 18 gold pieces.

Inventory:

Armour
 a - a +0 robe (worn)
Jewellery
 o - a ring of wizardry (left hand)
Scrolls
 b - a scroll of fog {unknown}
 c - a scroll of vulnerability {unknown}
 g - 2 scrolls of noise {unknown}
 i - 2 scrolls of fear {unknown}
 j - 2 scrolls of teleportation {unknown}
 l - a scroll of amnesia {unknown}
Potions
 d - a potion of cancellation {unknown}
 e - a potion of magic {unknown}
 f - a potion of lignification {unknown}
 k - a potion of mutation {unknown}
 m - 2 potions of might {unknown}
 n - a potion of attraction {unknown}


   Skills:
 + Level 0.5 Fighting
 + Level 2.3 Dodging
 + Level 1.9 Stealth
 + Level 0.4 Unarmed Combat
 + Level 4.2 Spellcasting


You couldn't memorise any spells.
You knew the following spells:

 Your Spells              Type           Power      Damage    Failure   Level
a - Freeze                Ice            80%        1d9       1%          1
b - Frozen Ramparts       Ice            40%        1d6       2%          3
c - Ozocubu's Armour      Ice            20%        N/A       2%          3
d - Hailstorm             Conj/Ice       20%        3d6       10%         4
e - Pain                  Necr           80%        1d8       1%          1
Your spell library was empty.

Dungeon Overview and Level Annotations

Branches:
Dungeon (4/15)
 Temple: D:4-7

Altars:


Innate Abilities, Weirdness & Mutations

You are immune to sickness and miasma.
You are immune to poison.
Your flesh is very heat resistant. (rF++)
You are vulnerable to cold. (rC-)
You float through the air rather than walking.
You learn spells naturally, not from books.
Your magical power is your life essence.
You have superior vitality. (+4 MHP)


Message History

Confirm with . or Enter, or press ? or * to list all spells.
Okay, then.
Casting: Pain (safe; 1% risk of failure)
Confirm with . or Enter, or press ? or * to list all spells.
Casting: Frozen Ramparts (dangerous; 2% risk of failure)
Press: ? - help, Dir - look around, f - activate A stone staircase leading up.
The walls around you are covered in ice.
* * * LOW HITPOINT WARNING * * *
Casting: Frozen Ramparts (dangerous; 2% risk of failure)
Confirm with . or Enter, or press ? or * to list all spells.
You don't have enough health to cast this spell.
The necrophage resists.
The wall freezes the necrophage.
The necrophage completely resists.
The wall freezes the necrophage but does no damage.
Casting: Frozen Ramparts (dangerous; 2% risk of failure)
Confirm with . or Enter, or press ? or * to list all spells.
Aiming: Freeze (safe; 1% risk of failure)
Press: ? - help, Shift-Dir - straight line, f - necrophage
Aim: a necrophage (lightly damaged)
You freeze the necrophage but do no damage.
The necrophage completely resists.
* * * LOW HITPOINT WARNING * * *
The necrophage resists.
The wall freezes the necrophage.
The necrophage closely misses you.
You barely miss the necrophage.
The necrophage is lightly damaged.
The frozen ramparts melt away.
The necrophage barely misses you.
It was a potion of curing.
You feel better. The necrophage hits you.
* * * LOW HITPOINT WARNING * * *
Casting: Freeze (safe; 1% risk of failure)
Confirm with . or Enter, or press ? or * to list all spells.
Aiming: Freeze (safe; 1% risk of failure)
Press: ? - help, Shift-Dir - straight line, f/p - necrophage
Aim: a necrophage (lightly damaged)
You freeze the necrophage.
The necrophage resists.
The necrophage is lightly damaged.
* * * LOW HITPOINT WARNING * * *
The necrophage hits you.
You die...

#.#
#.#
#.#
#.#
#.#
#.#
#n#
#@#
###


You could see a necrophage.

Vanquished Creatures
  2 adders (D:2)
  2 worms (D:2)
  2 dart slugs
  An orc (D:3)
  6 ball pythons
  2 endoplasms (D:1)
  2 giant cockroaches
  A goblin (D:1)
  A hobgoblin (D:1)
  3 jackals (D:1)
  A kobold (D:2)
  4 quokkas
  5 bats
  3 frilled lizards (D:1)
  3 rats
38 creatures vanquished.

Notes
Turn   | Place    | Note
-------+----------+-------------------------------------------
     0 | D:1      | 101zpm the Djinni Ice Elementalist began the quest for the
                  | Orb.
     0 | D:1      | Reached XP level 1. HP: 15/15 MP: 0/0
     1 | D:1      | Noticed an electric eel
   591 | D:1      | Reached XP level 2. HP: 21/22 MP: 0/0
   676 | D:1      | Found a faded altar of an unknown god.
  1225 | D:1      | Reached XP level 3. HP: 25/26 MP: 0/0
  1225 | D:1      | Learned a level 1 spell: Pain
  2070 | D:2      | Reached skill level 4 in Spellcasting
  2336 | D:2      | Reached XP level 4. HP: 26/31 MP: 0/0
  3292 | D:4      | Noticed a necrophage
  3303 | D:4      | Slain by a necrophage

Illustrated notes

Levels and vault maps discovered:
D:1:      arrival_aquarium_a, layout_rooms,
          shapermc_ecumenical_altar_totnotflames
D:2:      layout_basic
D:3:      cheibrodos_pilgrimage, layout_rooms, minmay_goblin_kobold_house
D:4:      cheibrodos_thug_alley, layout_basic,
          chequers_temple_overflow_minitemple, uniq_eustachio, uniq_menkaure,
          uniq_robin

Skill      XL: |  1  2  3 |
---------------+----------+-----
Spellcasting   | 4 |  4.2
Fighting       | |  0.5
Dodging        | |  2.3
Stealth        | |  1.9
Unarmed Combat | |  0.4

Action                   |  1- 3 |  4- 6 || total
-------------------------+-------+-------++-------
Melee: Unarmed           |     7 |     1 ||     8
       Punch             |     1 |       ||     1
 Cast: Freeze            |    37 |     2 ||    39
       Pain              |    22 |    26 ||    48
       Frozen Ramparts   |       |     1 ||     1
  Use: Potion            |       |     1 ||     1
Armor: Robe              |    11 |       ||    11
Dodge: Dodged            |    16 |     4 ||    20
